 Dungeon Crawl Stone Soup version 0.23.2-11-gf996548c65 (webtiles) character file.

Game seed: 15156280297360462215

260592 Kobolds4U the Fencer (level 19, -26/180 HPs)
             Began as a Minotaur Fighter on June 5, 2019.
             Was the Champion of Ashenzari.
             Annihilated by a titan simulacrum (29 damage)
             ... on level 4 of the Abyss on June 6, 2019.
             The game lasted 02:43:01 (38394 turns).

Kobolds4U the Fencer (Minotaur Fighter)            Turns: 38394, Time: 02:43:02

Health: -26/180    AC: 35    Str: 28    XL:     19   Next: 17%
Magic:  28/28      EV: 22    Int:  7    God:    Ashenzari [******]
Gold:   2203       SH: 25    Dex: 19    Spells: 16/32 levels left

rFire    . . .     SeeInvis +   T - +5 scimitar (freeze) (curse)
rCold    . . .     Gourm    .   c - +4 shield of Lilacs {MR- Str+5 Slay+5} (curse)
rNeg     . . .     Faith    .   q - +8 plate armour "Qiabbe" {rElec Stlth+} (curse)
rPois    .         Spirit   .   u - +2 hat (curse)
rElec    +         Reflect  +   G - +0 cloak (curse)
rCorr    .         Harm     .   x - +1 pair of gloves (curse)
MR       .....     Clarity  +   E - +0 pair of boots (curse)
Stlth    ..........             v - +6 amulet of reflection
HPRegen  0.40/turn              m - +5 ring of dexterity (curse)
MPRegen  0.21/turn              e - +3 ring of evasion (curse)

@: lethally poisoned (-26 -> -42)
A: retaliatory headbutt, horns 2
}: 2/15 runes: decaying, serpentine
a: Curse Item, Scrying, Transfer Knowledge, Renounce Religion


You were on level 4 of the Abyss.
You worshipped Ashenzari.
Ashenzari was exalted by your worship.
You were not hungry.

You visited 6 branches of the dungeon, and saw 32 of its levels.
You visited the Abyss 1 time.
You also visited: Sewer, Gauntlet and Ice Cave.

You collected 3805 gold pieces.
You spent 1602 gold pieces at shops.

Inventory:

Hand Weapons
 t - the cursed +9 sword of Zonguldrok {reap}
   (You acquired it on level 2 of the Snake Pit)

   If a monster killed with it leaves a corpse in good enough shape, the corpse
   will be animated as a zombie friendly to the killer.
   It has a curse placed upon it.
 T - a cursed +5 scimitar of freezing (weapon)
 U - a +4 scimitar of electrocution
Armour
 c - the cursed +4 shield of Lilacs (worn) {MR- Str+5 Slay+5}
   (You bought it in a shop on level 2 of the Orcish Mines)

   It affects your strength (+5).
   It affects your accuracy and damage with ranged weapons and melee attacks
   (+5).
   It affects your resistance to hostile enchantments.
   It has a curse placed upon it.
 q - the cursed +8 plate armour "Qiabbe" (worn) {rElec Stlth+}
   (You bought it in a shop on level 8 of the Dungeon)

   It insulates you from electricity.
   It makes you more stealthy.
   It has a curse placed upon it.
 u - a cursed +2 hat (worn)
 x - a cursed +1 pair of gloves (worn)
 E - a cursed +0 pair of boots (worn)
 G - a cursed +0 cloak (worn)
Jewellery
 a - an uncursed ring of positive energy
 e - a cursed +3 ring of evasion (right hand)
 m - a cursed +5 ring of dexterity (left hand)
 v - a +6 amulet of reflection (around neck)
 D - an uncursed amulet of regeneration
 Q - an uncursed ring of poison resistance
 R - an uncursed ring of flight
 V - an uncursed ring of protection from magic
Wands
 b - a wand of flame (80)
 i - a wand of iceblast (19)
 n - a wand of disintegration (20)
 o - a wand of digging (12)
 I - a wand of paralysis (7)
 S - a wand of enslavement (24)
 X - a wand of polymorph (20)
Scrolls
 g - 18 scrolls of teleportation
 l - 7 scrolls of fog
 s - 4 scrolls of immolation
 B - a scroll of silence
 C - a scroll of holy word
 J - 2 scrolls of blinking
 M - a scroll of remove curse
 W - a scroll of fear
Potions
 d - 5 potions of might
 h - 4 potions of ambrosia
 j - 15 potions of curing
 k - 10 potions of haste
 r - 7 potions of agility
 w - 3 potions of flight
 y - a potion of invisibility
 z - 3 potions of cancellation
 A - 2 potions of lignification
 L - 5 potions of brilliance
 N - a potion of berserk rage
 O - 3 potions of resistance
Miscellaneous
 p - a lamp of fire
 H - a box of beasts
 P - a lightning rod (4/4)
 Y - a fan of gales
 Z - 2 phantom mirrors
Comestibles
 f - 64 rations
 F - 4 chunks of flesh


   Skills:
 + Level 18.3 Fighting
 * Level 20.1(23.6) Long Blades
 - Level 5.0 Throwing
 - Level 13.7(19.0) Armour
 - Level 15.0 Dodging
 - Level 12.3(15.0) Shields
 + Level 7.3 Spellcasting
 - Level 5.2(8.2) Conjurations
 - Level 8.0(11.0) Hexes
 - Level 4.1(7.0) Translocations
 - Level 1.1(3.0) Ice Magic
 - Level 6.9(10.0) Evocations


You had 16 spell levels left.
You knew the following spells:

 Your Spells              Type           Power        Failure   Level  Hunger
a - Dazzling Spray        Conj/Hex       ###...       6%          3    ###....
b - Slow                  Hex            ###.....     1%          2    ##.....
c - Blink                 Tloc           N/A          9%          2    ##.....
d - Ensorcelled Hibernat  Hex/Ice        ##....       9%          2    ##.....
e - Corona                Hex            ###....      1%          1    None
f - Confuse               Hex            ###.....     3%          3    ###....
g - Tukima's Dance        Hex            ###.....     3%          3    ###....

Your spell library contained the following spells:

 Spells                   Type           Power        Failure   Level  Hunger
 Magic Dart               Conj           ##..         3%          1    None
 Searing Ray              Conj           ##....       5%          2    ##.....
 Portal Projectile        Hex/Tloc       ###...       8%          3    ###....
 Cause Fear               Hex            ###.......   11%         4    ####...
 Throw Frost              Conj/Ice       ##....       16%         2    ##.....
 Fulminant Prism          Conj/Hex       ###.......   21%         4    ####...
 Inner Flame              Hex/Fire       ##......     30%         3    ###....
 Iskenderun's Mystic Bla  Conj           ##......     34%         4    ####...
 Force Lance              Conj/Tloc      ##......     41%         4    ####...
 Conjure Flame            Conj/Fire      #.......     47%         3    ###....
 Mephitic Cloud           Conj/Pois/Air  #.......     65%         3    ###....
 Leda's Liquefaction      Hex/Erth       ##........   69%         4    ####...
 Call Imp                 Summ           #.......     80%         2    ##.....
 Silence                  Hex/Air        ##........   95%         5    ######.
 Yara's Violent Unravell  Hex/Tmut       ##........   95%         5    ######.
 Ice Form                 Ice/Tmut       #.......     99%         4    ####...
 Irradiate                Conj/Tmut      #.........   99%         5    ######.
 Bolt of Cold             Conj/Ice       ##........   100%        6    #######
 Deflect Missiles         Chrm/Air       #.........   100%        6    #######
 Hydra Form               Tmut           #.........   100%        6    #######
 Simulacrum               Ice/Necr       #.........   100%        6    #######
 Statue Form              Tmut/Erth      #........    100%        6    #######
 Dragon Form              Tmut           #.........   100%        7    #######
 Discord                  Hex            ###.......   100%        8    #######


Dungeon Overview and Level Annotations

Branches:
Dungeon (15/15)            Temple (0/1) D:6            Lair (6/6) D:11
  Swamp (4/4) Lair:4        Snake (4/4) Lair:3        Slime (0/5) Lair:5
    Orc (2/2) D:10            Elf (1/3) Orc:2        Vaults (0/5) D:13
 Depths (0/5) D:15

Altars:
Ashenzari
Dithmenos
Elyvilon
Gozag
Qazlal
Trog
Vehumet
Wu Jian
Xom
Beogh
Jiyva

Shops:
D:8 (}*[   D:13 *   D:15 *   Orc:2 ([[(   Snake:1 }?

Annotations:
Lair:5 exclusion: 3 oklob plants


Innate Abilities, Weirdness & Mutations

You reflexively headbutt those who attack you in melee.
You have a pair of horns on your head.


Message History

You kill the hellwing!
You block the merfolk impaler's attack. The guardian serpent misses you.
You furiously retaliate!
You headbutt the guardian serpent! You block the raiju's attack.
The smoke demon hits you but does no damage.
The smoke demon completely misses you.
The smoke demon hits you but does no damage.
You feel sick. The smoke demon gestures at you. Something smites you!
* * * LOW HITPOINT WARNING * * *
You block the chaos spawn's attack.
The guardian serpent coils itself and waves its upper body at you.
The bolt of poison hits you!
You are more poisoned.
* * * LOW HITPOINT WARNING * * *
The titan simulacrum hits you!
* * * LOW HITPOINT WARNING * * *
The titan simulacrum freezes you!!
You die...

≈,*, * , , ,* ,* , ,
, ,* , *,* ,*,,
,,*,...#.#...,* ,, ,
** ,*** *,*
*......... * , ,* *
**,* ........., * **
* *, * *** ***
*#......#.,', , ,,
*,* *,* #
..#......****,* * **
*,**.###.##.......#**
* ,*
#...........%#*,**
**** * *,,* ***,..
#@4...# *** ' ** ,*,*
, ,*, # ##.Z..#...,,
,,, * *
*,***,#.#hS3p##*..,**
, ** * *
**,*,#.#XmN..#... ,*,
, , ** ** * #
*,#..#..N....., , , ,
, * .#,##.#3.......,
, , , , ,
#,,#.*,#.#.2......,,,
, ,
...#.###......#≈≈≈≈≈
,, ,
...*........≈≈≈≈≈ *,
*≈


You could see a merfolk impaler, a blizzard demon, a hell knight, a large
abomination, a guardian serpent, 2 smoke demons, a raiju, a chaos spawn, 2 nagas
and a titan simulacrum.

Vanquished Creatures
  Saint Roka (Snake:3)
  Vashnia (Snake:2)
  Jorgrun (Snake:2)
  Rupert (D:12)
  Frances (Snake:2)
  A thorn hunter (Swamp:4)
  Kirke (Elf:1)
  Donald (Snake:3)
  8 nagarajas
  A frost giant (IceCv)
  2 orc warlords (Orc:2)
  A deep elf demonologist (Elf:1)
  A deep elf annihilator (Elf:1)
  A minotaur (Gauntlet)
  A deep elf high priest (Elf:1)
  5 vault guards (D:13)
  An ice dragon (D:15)
  3 ghost crabs
  A catoblepas (D:14)
  26 hydras
  14 naga warriors
  A shambling mangrove (Swamp:3)
  10 anacondas
  16 alligators
  2 death yaks (IceCv)
  An ogre mage (D:13)
  5 centaur warriors
  A death knight (D:15)
  17 naga sharpshooters
  A dancing weapon (Elf:1)
  10 two-headed ogres
  A queen ant (Gauntlet)
  Urug (Lair:2)
  A tengu warrior (D:14)
  An orc high priest (Orc:2)
  8 deep elf knights (Elf:1)
  4 shock serpents
  Sonja (D:12)
  3 salamander mystics
  3 unseen horrors
  8 spriggan druids
  3 sea snakes (Snake:4)
  2 wizards (Gauntlet)
  5 swamp dragons (Swamp:4)
  2 deep elf archers (Elf:1)
  6 naga ritualists
  20 deep elf magi
  An oklob plant (Lair:5)
  3 orc knights (Orc:2)
  12 ugly things
  A wolf spider zombie (D:15)
  6 mana vipers
  17 salamanders
  2 cyclopes
  29 naga magi
  34 black mambas
  An ice statue (IceCv)
  7 elephants (Lair:6)
  8 guardian serpents
  3 centaur skeletons
  2 gargoyles
  13 spiny frogs
  4 rime drakes
  4 kobold demonologists
  An efreet (D:15)
  5 komodo dragons
  3 tengu conjurers
  A hellwing (Abyss:4)
  25 polar bears
  11 hornets
  2 queen bees
  5 trolls
  6 meliai
  13 tyrant leeches
  6 bog bodies
  17 slime creatures
  18 blink frogs
  19 dream sheep
  6 hippogriffs
  A large abomination (Abyss:4)
  2 air elementals (Elf:1)
  2 vampires
  Sigmund (D:5)
  22 spriggans
  A shadow (Swamp:4)
  A water elemental (Elf:1)
  4 wyverns
  5 basilisks
  2 fire elementals (Elf:1)
  2 humans (D:13)
  34 yaks
  A hungry ghost (D:10)
  36 vampire mosquitoes
  36 insubstantial wisps
  15 swamp worms
  75 nagas
  5 soldier ants
  An acid dragon (D:13)
  7 water moccasins
  3 wargs
  5 porcupines
  45 orc warriors
  Purgy (Sewer)
  A hornet zombie (D:5)
  A phantom (D:14)
  20 swamp drakes
  12 ice beasts
  An eye of draining (D:13)
  5 sky beasts
  9 black bears
  71 wolves
  14 ogres
  3 necrophages
  11 centaurs
  5 boggarts (Lair:6)
  10 crocodiles
  2 big kobolds
  An earth elemental (Elf:1)
  18 bullfrogs
  A gnoll sergeant (D:10)
  A wyvern zombie (D:12)
  7 scorpions
  2 wyvern skeletons
  A small abomination (Abyss:4)
  31 killer bees
  4 wights
  2 electric eels
  2 howler monkeys
  9 crimson imps
  3 jellies
  A centaur zombie (D:6)
  A wyvern simulacrum (Gauntlet)
  2 bullfrog skeletons
  30 orc priests
  8 hounds
  37 orc wizards
  5 iguanas
  8 worker ants
  A bullfrog simulacrum (Gauntlet)
  3 centaur simulacra (Gauntlet)
  A hound skeleton (D:9)
  A worker ant zombie (D:10)
  5 gnolls (D:10)
  14 adders
  5 shadow imps
  A white imp (Gauntlet)
  4 oozes
  An adder skeleton (D:6)
  A dart slug (D:1)
  4 leopard geckos
  142 orcs
  3 ball pythons
  8 giant cockroaches
  9 goblins
  5 hobgoblins
  9 jackals
  8 quokkas
  11 bats
  4 frilled lizards
  15 kobolds
  A leopard gecko skeleton (D:7)
  A quokka zombie (D:9)
  6 rats
  A briar patch (Swamp:4)
  A plant (Lair:5)
1402 creatures vanquished.

Vanquished Creatures (collateral kills)
  A hydra (Lair:4)
  2 blink frogs (Lair:6)
3 creatures vanquished.

Vanquished Creatures (others)
  A spriggan (Swamp:4)
  A hornet (Swamp:4)
  5 dream sheep (D:6)
  A blink frog (Swamp:4)
  2 swamp worms
  A naga (Snake:4)
  A wolf (IceCv)
  A briar patch (Swamp:4)
  A bush (Lair:3)
  4 fungi
  2 plants
20 creatures vanquished.

Grand Total: 1425 creatures vanquished

Notes
Turn   | Place    | Note
-------+----------+-------------------------------------------
     0 | D:1      | Kobolds4U the Minotaur Fighter began the quest for the Orb.
     0 | D:1      | Reached XP level 1. HP: 19/19 MP: 0/0
   176 | D:1      | Reached skill level 3 in Long Blades
   351 | D:1      | Reached XP level 2. HP: 26/26 MP: 1/1
   585 | D:1      | Reached skill level 4 in Long Blades
   728 | D:1      | Reached XP level 3. HP: 28/31 MP: 2/2
  1864 | D:3      | Reached skill level 5 in Long Blades
  1864 | D:3      | Reached XP level 4. HP: 26/39 MP: 3/3
  2139 | D:3      | Reached skill level 6 in Long Blades
  2400 | D:3      | Reached XP level 5. HP: 32/46 MP: 4/4
  2607 | D:3      | Found a shattered altar of Ashenzari.
  2625 | D:3      | Became a worshipper of Ashenzari the Shackled
  2812 | D:3      | Noticed a black bear
  2820 | D:3      | Killed a black bear
  2820 | D:3      | Reached skill level 7 in Long Blades
  2820 | D:3      | Reached XP level 6. HP: 45/53 MP: 5/5
  3383 | D:4      | Reached skill level 5 in Fighting
  3384 | D:4      | Found a radiant altar of Vehumet.
  3420 | D:4      | Reached skill level 8 in Long Blades
  3448 | D:4      | Reached XP level 7. HP: 37/61 MP: 6/6
  3749 | D:4      | Found a bloodstained altar of Trog.
  3810 | D:4      | Reached skill level 9 in Long Blades
  4300 | D:5      | Entered Level 5 of the Dungeon
  4312 | D:5      | Reached skill level 10 in Long Blades
  4313 | D:5      | Found a glowing drain.
  4436 | Sewer    | Entered a sewer
  4469 | Sewer    | Noticed Purgy
  4478 | Sewer    | Killed Purgy
  4584 | D:5      | Found an opulent altar of Gozag.
  4619 | D:5      | Reached * piety under Ashenzari
  4620 | D:5      | Found an ornate altar of the Wu Jian Council.
  4633 | D:5      | Reached XP level 8. HP: 69/69 MP: 7/7
  4840 | D:5      | Noticed Sigmund
  4862 | D:5      | Killed Sigmund
  4862 | D:5      | Reached skill level 11 in Long Blades
  5084 | D:6      | Found a staircase to the Ecumenical Temple.
  5224 | D:6      | Found a white marble altar of Elyvilon.
  5423 | D:6      | Reached skill level 12 in Long Blades
  5509 | D:6      | Reached ** piety under Ashenzari
  5600 | D:6      | Found a shadowy altar of Dithmenos.
  5709 | D:6      | Reached XP level 9. HP: 45/81 MP: 8/8
  5864 | D:6      | Found a shimmering altar of Xom.
  5903 | D:6      | Found a shimmering altar of Xom.
  6466 | D:7      | Reached skill level 5 in Armour
  6786 | D:8      | Found Ogag Yti's Gadget Emporium.
  6802 | D:8      | Bought a wand of paralysis (9) for 165 gold pieces
  6868 | D:8      | Reached skill level 1 in Evocations
  7223 | D:8      | Found Vorucs's Antique Weapon Shoppe.
  7268 | D:8      | Found Daaciokh's Antique Armour Shoppe.
  7315 | D:8      | Found Kiuc's General Store.
  7475 | D:8      | Reached *** piety under Ashenzari
  8222 | D:9      | Found a stormy altar of Qazlal.
  8279 | D:9      | Noticed a troll
  8289 | D:9      | Killed a troll
  8304 | D:9      | Reached XP level 10. HP: 45/93 MP: 10/12
  8445 | D:9      | Reached skill level 10 in Fighting
  8569 | D:10     | Entered Level 10 of the Dungeon
  8589 | D:10     | Noticed a two-headed ogre
  8609 | D:10     | Killed a two-headed ogre
  8609 | D:10     | Reached skill level 5 in Evocations
  8731 | D:10     | Found a staircase to the Orcish Mines.
  8824 | D:10     | Noticed a two-headed ogre
  8836 | D:10     | Killed a two-headed ogre
  9092 | D:10     | Noticed an unseen horror
  9097 | D:10     | Killed an unseen horror
  9114 | D:10     | Noticed an unseen horror
  9122 | D:10     | Killed an unseen horror
  9183 | D:10     | Reached XP level 11. HP: 102/102 MP: 14/14
  9656 | D:10     | Reached **** piety under Ashenzari
  9830 | D:11     | Reached skill level 13 in Long Blades
 10515 | D:11     | Reached skill level 14 in Long Blades
 10527 | D:11     | Noticed a two-headed ogre
 10538 | D:11     | Killed a two-headed ogre
 10538 | D:11     | Reached skill level 10 in Armour
 10554 | D:11     | Found a staircase to the Lair.
 10631 | D:11     | Noticed a seven-headed hydra
 10676 | D:11     | Killed a 12-headed hydra
 10691 | D:11     | Got the morningstar "Kuuzorux" {flame, Str+2}
 10768 | D:11     | Noticed a two-headed ogre
 10775 | D:11     | Killed a two-headed ogre
 10901 | D:12     | Noticed a two-headed ogre
 10904 | D:12     | Killed a two-headed ogre
 10904 | D:12     | Reached skill level 5 in Dodging
 10933 | D:12     | Noticed an eight-headed hydra
 10938 | D:12     | Killed an eight-headed hydra
 10982 | D:12     | Noticed an unseen horror
 10990 | D:12     | Noticed Sonja
 11015 | D:12     | Killed an unseen horror
 11015 | D:12     | Reached XP level 12. HP: 113/113 MP: 15/15
 11028 | D:12     | Killed Sonja
 11194 | D:12     | Noticed Rupert
 11207 | D:12     | Killed Rupert
 11416 | D:12     | Learned a level 3 spell: Dazzling Spray
 11446 | D:12     | Noticed a two-headed ogre
 11452 | D:12     | Killed a two-headed ogre
 11476 | D:12     | Reached skill level 1 in Spellcasting
 11593 | D:13     | Identified the Incunabulum of the Snowflakes
 11864 | D:13     | Noticed a seven-headed hydra
 11876 | D:13     | Killed a 16-headed hydra
 11877 | D:13     | Found Muliph's Assorted Antiques.
 11931 | D:13     | Bought a scroll of identify for 62 gold pieces
 12097 | D:13     | Noticed a vault guard
 12097 | D:13     | Noticed a vault guard
 12245 | D:8      | Bought a blackened plate armour for 644 gold pieces
 12255 | D:8      | Identified the +8 plate armour "Qiabbe" {rElec Stlth+} (You
                  | bought it in a shop on level 8 of the Dungeon)
 12497 | D:13     | Noticed a vault guard
 12507 | D:13     | Noticed an ogre mage
 12529 | D:13     | Killed a vault guard
 12659 | D:13     | Killed an ogre mage
 12779 | D:13     | Killed a vault guard
 12779 | D:13     | Reached skill level 10 in Dodging
 12800 | D:13     | Killed a vault guard
 12824 | D:13     | Found a gate to the Vaults.
 12824 | D:13     | Noticed a vault guard
 12824 | D:13     | Noticed a vault guard
 12835 | D:13     | Killed a vault guard
 12846 | D:13     | Killed a vault guard
 12846 | D:13     | Reached XP level 13. HP: 107/123 MP: 18/18
 13156 | D:14     | Reached skill level 1 in Throwing
 13257 | D:14     | Reached skill level 5 in Shields
 13396 | D:14     | Reached ***** piety under Ashenzari
 13481 | D:14     | Identified the +6 great mace of Magnificence {speed, rElec
                  | rC+ Str-5}
 13572 | D:14     | Reached skill level 5 in Spellcasting
 13690 | D:14     | Reached skill level 5 in Throwing
 13830 | D:14     | Reached skill level 15 in Fighting
 14120 | D:15     | Entered Level 15 of the Dungeon
 14150 | D:15     | Identified the +2 morningstar "Kuuzorux" {flame, Str+2}
                  | (You found it on level 11 of the Dungeon)
 14168 | D:15     | Found Acint's Assorted Antiques.
 14178 | D:15     | Bought a scroll of identify for 52 gold pieces
 14179 | D:15     | Bought a scroll of teleportation for 78 gold pieces
 14240 | D:15     | Reached skill level 1 in Hexes
 14716 | D:14     | Reached XP level 14. HP: 101/134 MP: 20/20
 14823 | D:15     | Found a staircase to the Depths.
 15839 | Lair:1   | Entered Level 1 of the Lair of Beasts
 15842 | Lair:1   | Reached skill level 1 in Conjurations
 16689 | Lair:2   | Noticed Urug
 16709 | Lair:2   | Killed Urug
 16853 | Lair:2   | Learned a level 2 spell: Slow
 16856 | Lair:2   | Learned a level 2 spell: Blink
 16898 | Lair:2   | Learned a level 2 spell: Ensorcelled Hibernation
 16900 | Lair:2   | Learned a level 1 spell: Corona
 16921 | Lair:3   | Reached ****** piety under Ashenzari
 17256 | Lair:3   | Reached skill level 10 in Shields
 17361 | Lair:3   | Found a staircase to the Snake Pit.
 17729 | Lair:4   | Found a gate leading to a gauntlet.
 17756 | Gauntlet | Entered a Gauntlet
 17756 | Gauntlet | Found a transporter.
 17756 | Gauntlet | Found a transporter.
 17775 | Gauntlet | Found a transporter.
 17778 | Gauntlet | Found a transporter.
 17785 | Gauntlet | Found a runed translucent door.
 17788 | Gauntlet | Found a transporter.
 17790 | Gauntlet | Found a transporter.
 17794 | Gauntlet | Found a runed translucent door.
 17796 | Gauntlet | Found a runed translucent door.
 17798 | Gauntlet | Identified the ring "Zistreinn" {Ice +Inv Int+5 Dex-3
                  | Stlth+}
 17798 | Gauntlet | Found a transporter.
 17814 | Gauntlet | Identified the ring "Isaokk" {*Contam *Corrode rPois Int+9
                  | SInv}
 17814 | Gauntlet | Found a transporter.
 17828 | Gauntlet | Found a transporter.
 17832 | Gauntlet | Found a transporter.
 17843 | Gauntlet | Found a transporter.
 17844 | Gauntlet | Found a transporter.
 18222 | Gauntlet | Identified the +9 quarterstaff "Gram" {elec, *Contam rF++
                  | Int+5}
 18529 | Lair:4   | Reached skill level 5 in Hexes
 18748 | Lair:4   | Found a staircase to the Swamp.
 18949 | Lair:5   | Found a runed translucent door.
 18949 | Lair:5   | Found a viscous altar of Jiyva.
 18949 | Lair:5   | Found a staircase to the Slime Pits.
 19817 | Lair:5   | Reached XP level 15. HP: 135/140 MP: 21/21
 20116 | Lair:6   | Entered Level 6 of the Lair of Beasts
 20126 | Lair:6   | Found a frozen archway.
 20161 | IceCv    | Entered an ice cave
 20773 | IceCv    | Noticed a frost giant
 20801 | IceCv    | Killed a frost giant
 21140 | Lair:6   | Identified the +3 longbow "Vilutoku" {venom, MR+}
 21723 | Lair:6   | Identified the +6 lajatang of the Rattle-Snake {holy, rPois
                  | rN+ Str+2 Dex+2}
 22299 | Orc:1    | Entered Level 1 of the Orcish Mines
 22545 | Orc:2    | Entered Level 2 of the Orcish Mines
 22622 | Orc:2    | Found a roughly hewn altar of Beogh.
 22622 | Orc:2    | Found Essykeib's Antique Armour Shoppe.
 22777 | Orc:2    | Bought a fine shield for 171 gold pieces
 22777 | Orc:2    | Identified the +4 shield of Lilacs {MR- Str+5 Slay+5} (You
                  | bought it in a shop on level 2 of the Orcish Mines)
 22926 | Orc:2    | Found a roughly hewn altar of Beogh.
 22982 | Orc:2    | Found a roughly hewn altar of Beogh.
 22995 | Orc:2    | Found Fusoad's Antique Weapon Emporium.
 23124 | Orc:2    | Noticed an orc warlord
 23139 | Orc:2    | Killed an orc warlord
 23284 | Orc:2    | Found a roughly hewn altar of Beogh.
 23346 | Orc:2    | Noticed an orc warlord
 23394 | Orc:2    | Killed an orc warlord
 23581 | Orc:2    | Found Tery's Antique Weapon Emporium.
 23581 | Orc:2    | Found a roughly hewn altar of Beogh.
 23597 | Orc:2    | Found Dawonug's Antique Armour Shoppe.
 23934 | Orc:2    | Found a staircase to the Elven Halls.
 23976 | Orc:2    | Found a roughly hewn altar of Beogh.
 24191 | Orc:1    | Reached XP level 16. HP: 139/150 MP: 22/22
 24510 | Snake:1  | Entered Level 1 of the Snake Pit
 24695 | Snake:1  | Found Cicolal's Magic Scroll Boutique.
 24695 | Snake:1  | Found Mianuqip's Gadget Shop.
 24721 | Snake:1  | Bought a scroll of random uselessness for 13 gold pieces
 24723 | Snake:1  | Bought a scroll of enchant weapon for 97 gold pieces
 24731 | Snake:1  | Bought a box of beasts for 320 gold pieces
 25204 | Snake:2  | Noticed Vashnia
 25766 | Snake:2  | Identified a scroll of acquirement
 25767 | Snake:2  | Found the cursed +9 sword of Zonguldrok {reap}
 25812 | Snake:2  | Killed Vashnia
 26341 | Snake:2  | Noticed Frances
 26350 | Snake:2  | Killed Frances
 26780 | Snake:2  | Reached skill level 15 in Dodging
 26864 | Snake:2  | Noticed Jorgrun
 26875 | Snake:2  | Killed Jorgrun
 27246 | Snake:3  | Reached skill level 15 in Long Blades
 27299 | Snake:3  | Noticed Donald
 27300 | Snake:3  | Noticed Saint Roka
 27331 | Snake:3  | Killed Saint Roka
 27331 | Snake:3  | Reached skill level 5 in Conjurations
 27707 | Snake:3  | Reached skill level 16 in Long Blades
 28014 | Snake:3  | Reached skill level 17 in Long Blades
 28014 | Snake:3  | Reached XP level 17. HP: 158/158 MP: 23/23
 28181 | Snake:3  | Learned a level 3 spell: Confuse
 28185 | Snake:3  | Learned a level 3 spell: Tukima's Dance
 28311 | Snake:3  | Killed Donald
 29248 | Snake:4  | Entered Level 4 of the Snake Pit
 29312 | Snake:4  | Reached skill level 18 in Long Blades
 30419 | Snake:4  | Reached skill level 1 in Translocations
 30815 | Snake:4  | Got a serpentine rune of Zot
 31067 | Snake:4  | Reached XP level 18. HP: 161/170 MP: 27/27
 31325 | Swamp:1  | Entered Level 1 of the Swamp
 34269 | Swamp:3  | Identified the ring "Tuofre" {rElec Dex+3 Stlth+}
 34842 | Swamp:3  | Reached skill level 1 in Ice Magic
 35447 | Swamp:4  | Entered Level 4 of the Swamp
 35687 | Swamp:4  | Reached skill level 19 in Long Blades
 36867 | Swamp:4  | Got a decaying rune of Zot
 37331 | Elf:1    | Entered Level 1 of the Elven Halls
 37509 | Elf:1    | Reached XP level 19. HP: 179/179 MP: 28/28
 38161 | Elf:1    | Reached skill level 20 in Long Blades
 38224 | Elf:1    | Noticed Kirke
 38229 | Elf:1    | Killed Kirke
 38299 | Elf:1    | Cast into level 3 of the Abyss (a deep elf sorcerer)
 38394 | Abyss:4  | HP: 3/180 [titan simulacrum (8)]
 38394 | Abyss:4  | Annihilated by a titan simulacrum

Skill      XL: |  1  2  3  4  5  6  7  8  9 10 11 12 13 14 15 16 17 18 19 |
---------------+----------------------------------------------------------+-----
Long Blades    | 3 4 5 6 7 8 10 12 14 17 18 19 20 | 20.1
Fighting       | 4 5 7 9 11 12 14 15 16 17 18 | 18.3
Armour         | 6 9 10 11 13 | 13.7
Evocations     | 4 6 |  6.9
Dodging        | 7 10 12 13 15 | 15.0
Spellcasting   | 4 5 7 |  7.3
Shields        | 4 8 11 12 | 12.3
Throwing       | 5 |  5.0
Hexes          | 2 5 7 8 |  8.0
Conjurations   | 1 5 |  5.2
Translocations | 2 4 |  4.1
Ice Magic      | 1 |  1.1

Action                   |  1- 3 |  4- 6 |  7- 9 | 10-12 | 13-15 | 16-18 | 19-21 || total
-------------------------+-------+-------+-------+-------+-------+-------+-------++-------
Melee: Long sword        |    68 |   146 |   348 |   212 |       |       |       ||   774
       Headbutt          |    13 |    26 |    65 |   145 |   420 |   469 |    18 ||  1156
       Scimitar          |       |       |       |   293 |  1593 |  1345 |    68 ||  3299
Throw: Tomahawk          |       |       |       |     3 |     4 |       |       ||     7
       Javelin           |       |       |       |       |     8 |     4 |       ||    12
 Cast: Slow              |       |       |       |       |       |     1 |       ||     1
Invok: Curse Item        |       |     2 |     2 |     1 |     3 |     2 |       ||    10
       Scrying           |       |       |       |       |     1 |       |       ||     1
Evoke: Wand              |       |       |       |     5 |    18 |    13 |     1 ||    37
       Lightning rod     |       |       |       |       |     4 |       |       ||     4
  Use: Scroll            |       |     7 |     3 |    11 |    12 |    13 |       ||    46
       Potion            |       |       |       |       |     2 |     7 |     1 ||    10
 Stab: Paralysed         |       |       |       |     7 |     8 |     4 |       ||    19
       Petrified         |       |       |       |       |     2 |       |       ||     2
       Invisible         |       |       |       |       |     4 |       |       ||     4
       Confused          |       |       |       |       |       |     1 |       ||     1
  Eat: Chunk             |     3 |     5 |    12 |    16 |    35 |    20 |     3 ||    94
       Ration            |       |       |     1 |       |     1 |     7 |       ||     9
Armor: Scale mail        |    31 |    12 |       |       |       |       |       ||    43
       Chain mail        |       |    65 |    95 |       |       |       |       ||   160
       Plate armour      |       |       |    56 |   205 |   579 |   432 |    12 ||  1284
Dodge: Dodged            |    20 |    39 |    95 |   154 |   654 |   767 |    37 ||  1766
Block: Shield            |    37 |    86 |   151 |   226 |  1215 |  1313 |    63 ||  3091
       Reflection        |       |       |       |       |       |     2 |    15 ||    17
       Rpst.: Long sword |     8 |     9 |    30 |    13 |       |       |       ||    60
       Scimitar          |       |       |       |    25 |   154 |    91 |     6 ||   276
